AoeStats
← Sieants

Arabia

508951602Analyzed
1v1 RM · 9d ago on Sep 24, 2026· 39m 21s· 2 players
Game mode
Random Map
Map size
Tiny (2 player)
Population
200
Speed
Normal
Resources
Standard
Victory
Conquest
Starting age
Dark Age
Ending age
Imperial Age
RankedLock teamsTeams togetherTeam positionsShared explorationLock speedFull tech treeHidden civsTurbo modeCheats
Victory
Defeat
🇪🇸 Celts · Spain
1332
+14
🇨🇱 Byzantines · Chile
1283
-14
Hellskitchen532
6:01 Loom
6:08 Loom
9:19 Feudal Age
23:15 Castle Age
22:14 Scale Barding Armor
22:19 Forging
23:04 Forging
22:41 Horse Collar
22:57 Double-Bit Axe
24:38 Chain Barding Armor
27:22 Husbandry
34:43 Bow Saw
34:26 Gold Mining
36:29 Wheelbarrow
Sieants
6:48 Loom
10:52 Feudal Age
11:45 Double-Bit Axe
11:22 Man-at-Arms
15:53 Arson
17:34 Horse Collar
22:34 Castle Age
20:49 Scale Mail Armor
21:04 Gold Mining
23:30 Wheelbarrow
22:57 Town Watch
23:29 Bow Saw
28:31 Hand Cart
33:37 Imperial Age
31:18 Pikeman
32:14 Chain Mail Armor
32:11 Forging
34:34 Gold Shaft Mining
35:04 Plate Mail Armor
35:31 Heavy Plow
36:16 Halberdier
37:43 Iron Casting
38:09 Conscription
Connection lost

Rejoining the realm…

Still unreachable

The connection could not be restored.

Session expired

The server has moved on; the page needs a fresh start.